[Event "FIDE World School-ch G-17 2025"]
[Site "Vrnjacka Banja"]
[Date "2025.03.24"]
[Round "5.1"]
[White "Wang, Chloe Heather"]
[Black "Buyankhishig, Batpelden"]
[Result "0-1"]
[Annotator "TA"]
[ECO "C92"]
[WhiteElo "1892"]
[BlackElo "1907"]
[PlyCount "76"]
[EventDate "2025.03.19"]
[EventType "swiss"]
[EventCountry "SRB"]
[SourceTitle "playchess.com"]
[Source "ChessBase"]
[SourceQuality "1"]
[TimeControl "5400+30"]

1. e4 e5 2. Nf3 Nc6 3. Bb5 a6 4. Ba4 Nf6 5. O-O Be7 6. Re1 b5 7. Bb3 d6 8. c3 O-O 9. h3 Bb7 10. d4 Re8 11. Nbd2 Bf8 12. a4 Na5 {[%emt 0:02:17] C92: Closed Ruy Lopez: 9...Be6, Karpov and Flohr-Zaitsev Variations.} 13. Bc2 {[%emt 0:01:21] 13.Ba2 is not played anymore.} exd4 14. cxd4 b4 {[%emt 0:00:19] The position is equal.} 15. b3 g6 16. Bb2 Bg7 17. Bd3 Nd7 18. Qc2 c5 $146 ({Predecessor:} 18... d5 19. Rac1 dxe4 20. Bxe4 Bxe4 21. Nxe4 Nf6 22. Nxf6+ Qxf6 {1-0 Aizenberg,B (2433)-Tifferet,S (2286) ISR-chT Israel 2025 (4.1)}) 19. d5 Bxb2 20. Qxb2 Qf6 21. Qxf6 Nxf6 22. Nh2 Re7 23. Nhf1 Rae8 {[%emt 0:08:37][%cal Ob7d5] Hoping for ...Bxd5!.} 24. Re3 Kg7 25. Rae1 h5 26. g3 Nd7 27. f4 f6 28. R3e2 Nb6 29. Ne3 {[%emt 0:00:40] [#]} f5 $1 30. exf5 (30. Nec4 Naxc4) 30... Nxd5 {[%emt 0:00:10] Black is more active.} 31. Nec4 (31. Nxd5 $2 Rxe2 32. Rxe2 Rxe2 33. Bxe2 Bxd5 34. Bxa6 gxf5 $19 (34... Bxb3 35. Nxb3 Nxb3 36. fxg6 $17)) 31... Rxe2 32. Rxe2 Rxe2 33. Bxe2 Nxc4 34. Nxc4 $17 {[%emt 0:00:14] KBN-KBN} Nc3 (34... gxf5 $2 {perishes.} 35. Nxd6 Bc6 36. Bxa6 $18 (36. Nxf5+ Kf6 $14)) 35. Bd3 {[%emt 0:01:36] [#]} Be4 $1 36. Bxe4 Nxe4 37. fxg6 (37. g4 $17 {is the only way for White.}) 37... d5 $1 $19 38. Nb6 {[%emt 0:02:18] [#]} (38. Na5 Nxg3 (38... Kxg6 39. Kg2 $17) 39. Kf2 Ne4+ 40. Ke1 Kxg6 41. Ke2) 38... c4 $1 {[%emt 0:02:24] Weighted Error Value: White=0.43/Black=0.05 (flawless)   Mistake:       	White=2     	---        Inaccurate:     	White=4     	Black=1      OK:         	White=6     	Black=8      Best:        	White=3     	Black=4      Strong:       	---       	Black=3      Brilliant:      	---       	Black=1} 0-1

[Event "FIDE World School-ch G-17 2025"]
[Site "Vrnjacka Banja"]
[Date "2025.03.24"]
[Round "5.2"]
[White "Kirtadze, Anastasia"]
[Black "Altynbek, Aiaru"]
[Result "0-1"]
[Annotator "TA"]
[ECO "C88"]
[WhiteElo "2180"]
[BlackElo "2005"]
[PlyCount "190"]
[EventDate "2025.03.19"]
[EventType "swiss"]
[EventCountry "SRB"]
[SourceTitle "playchess.com"]
[Source "ChessBase"]
[SourceQuality "1"]
[TimeControl "5400+30"]

1. e4 e5 2. Nf3 Nc6 3. Bb5 a6 4. Ba4 Nf6 5. O-O Be7 6. Re1 b5 7. Bb3 O-O 8. a4 Na5 {[%emt 0:01:30] C88: Closed Ruy Lopez: Anti-Marshall Systems.} 9. axb5 Nxb3 10. cxb3 Bb7 {[%emt 0:00:46] White is slightly better.} 11. bxa6 (11. Nxe5 axb5 12. Rxa8 Qxa8 $11) 11... d5 12. d4 (12. axb7 Rxa1 13. Nxe5 Qd6 (13... Rxb1 14. Nc6 $16) 14. exd5 Qxd5 $17 (14... Rxb1 15. Qc2 $16)) 12... dxe4 13. Nxe5 Rxa6 14. Rxa6 Bxa6 15. Nc6 Qd7 16. Nxe7+ Qxe7 17. Bg5 h6 18. Bxf6 Qxf6 19. Nc3 Bd3 20. Nxe4 Qxd4 {[%emt 0:03:57][%cal Of8d8] [#]} 21. Nc5 $1 Qxc5 22. Qxd3 $14 {[%emt 0:00:09][%mdl 4096] Endgame KQR-KQR. White is a pawn up.} Qb4 $146 (22... Rb8 23. g3 g6 24. Qe3 Qb4 25. Rc1 Qxb3 26. Qxh6 Qxb2 27. Rxc7 Qa1+ 28. Rc1 Rb1 29. Rxb1 Qxb1+ 30. Kg2 Qe4+ {½-½ Velpula,S (2384)-Tan,Z (2545) Belt and Road Shaoxing 6th 2024 (2)}) 23. Re3 Ra8 24. Qd1 {[%emt 0:00:00] Prevents Ra1.} Qd6 25. Qe1 Rd8 26. Re8+ Rxe8 27. Qxe8+ $11 {[%emt 0:00:00] KQ-KQ. White is a pawn up.} Kh7 {[%emt 0:00:06] ( -> ...Qd1+)} 28. Qe4+ (28. Qxf7 $2 Qd1#) 28... g6 29. Qc2 {[%emt 0:00:00] Inhibits Qd1+.} h5 30. h3 Qe5 31. Qc3 Qd6 32. Qc4 Kg8 33. g3 Qe5 34. Qc3 Qd6 35. Kg2 Qd5+ 36. Qf3 Qd4 37. Qc3 Qd5+ 38. Kh2 Qf5 39. Qd4 (39. Qxc7 Qxf2+ 40. Kh1 Qf1+ (40... Qxb2 41. Qc4 $17) 41. Kh2 Qe2+ 42. Kg1 Qxb2 43. Qd8+ Kg7 $15) 39... c5 40. Qd2 Qe4 41. Qc3 Qf5 42. Qd2 Qe4 43. h4 Qf3 44. Qc2 Qd5 45. Qc4 Qd6 46. Kg2 Kf8 47. Qe4 Qb6 48. Qd5 Qb4 49. Kf1 Qb5+ 50. Ke1 Qb4+ 51. Kd1 Kg8 52. Kc2 Qb5 53. Qd8+ Kh7 54. Qe7 Kg8 55. Qe3 Qc6 56. Qf4 Qe6 57. Kc3 Qe1+ 58. Qd2 Qe4 59. Qe3 Qb4+ 60. Kc2 Qb5 61. Qe4 Qa5 62. Qe8+ Kg7 63. Qe3 {[%emt 0:00:35] and Qc3+ should not be overlooked} Kg8 64. Qc3 Qb5 65. Qc4 Qa5 66. b4 cxb4 67. Kb3 Qb6 68. Qf4 Qc5 69. Qe3 Qd6 70. Qf4 $2 (70. Kc4 $14) 70... Qc5 $2 (70... Qxf4 $19 71. gxf4 f6) 71. Qf3 Qd6 72. Qe3 Qf6 73. Qd2 Qb6 74. f4 Qg1 75. Qd3 Qc1 76. Qd8+ Kh7 77. Qe7 Qd1+ 78. Kxb4 Qd2+ 79. Ka3 Qd3+ 80. b3 Qxg3 $2 (80... Kg7 $11) 81. Qxf7+ $18 Kh6 {[%emt 0:00:08] [#]} 82. Qf6 $1 Kh7 {[%emt 0:00:18] [#] Prevents Qh8+} 83. Qf7+ (83. f5 $1 $18 {White wants to mate with Qe7+.} gxf5 84. Qxf5+ Kg7 85. Qd7+ (85. Qxh5 Qd6+ 86. b4 Qd3+ 87. Ka4 Qc2+ 88. Ka5 Qc7+ 89. Kb5 Qb7+ 90. Kc5 Qe7+ 91. Kc4 Qe4+ 92. Kb3 Qd3+ 93. Kb2 Qd2+ 94. Kb3 Qd3+ 95. Ka4 Qa6+ 96. Qa5 Qc6+ 97. Kb3 Qe6+ 98. Kc3 Qe1+ 99. Kc4 Qxh4+ 100. Kb5 Kh8 $16) 85... Kf6 86. Qd8+ Kf7 87. Qd5+ Ke7 88. Qd4 (88. Qxh5 Qd6+ 89. Ka4 Qd4+ 90. b4 Qd7+ 91. Qb5 Qa7+ 92. Kb3 Qe3+ 93. Kc4 Qf4+ 94. Kb3 Qe3+ 95. Kc2 Qf2+ 96. Kc3 Qxh4 $11)) 83... Kh6 $16 84. Qg8 ({White should play} 84. Qf8+ $16 Kh7 85. Qf7+) 84... Qc3 $1 $11 85. Qf8+ Kh7 86. Qe7+ Kh6 87. Qg5+ Kh7 88. Qe5 ({Resist} 88. Qe7+ $6 Kg8 $16) 88... Qxe5 89. fxe5 g5 90. hxg5 $2 {[%emt 0:00:55][%mdl 8192] KP-KP. White is two pawns up.} (90. e6 $11 Kg7 91. b4 (91. hxg5 $2 {is the wrong capture.} h4 $19)) 90... h4 {[%emt 0:00:08] Black mates.} 91. e6 Kg7 92. g6 Kxg6 93. b4 h3 94. e7 Kf7 95. b5 h2 {[%emt 0:00:08] Both players deserved the win here.   Weighted Error Value: White=0.04 (flawless) /Black=0.03 (flawless)   Loses game:     	White=2     	Black=1      Missed win:     	---       	Black=1      Mistake:       	White=2     	---        Inaccurate:     	White=3     	Black=2      OK:         	White=37    	Black=37     Best:        	White=3     	Black=9      Strong:       	White=1     	Black=1} 0-1

[Event "FIDE World School-ch G-17 2025"]
[Site "Vrnjacka Banja"]
[Date "2025.03.24"]
[Round "5.3"]
[White "Seyhan, Pelin"]
[Black "Maslova, Anastasiya Yar"]
[Result "1-0"]
[Annotator "TA"]
[ECO "D03"]
[WhiteElo "1924"]
[BlackElo "1938"]
[PlyCount "91"]
[EventDate "2025.03.19"]
[EventType "swiss"]
[EventCountry "SRB"]
[SourceTitle "playchess.com"]
[Source "ChessBase"]
[SourceQuality "1"]
[TimeControl "5400+30"]

1. d4 d5 2. Nf3 Nf6 3. c3 e6 4. Bg5 c5 5. e3 Nc6 6. Nbd2 h6 7. Bh4 g5 {[%emt 0:02:23] D03: 1 d4 d5 2 Nf3 Nf6 3 Bg5, including Torre Attack with early ...d5.} 8. Bg3 Qb6 9. Rb1 Nh5 {[%emt 0:03:28] White is slightly better.} 10. Be5 $1 Nxe5 11. Nxe5 Nf6 12. Qf3 $146 (12. Bd3 Bg7 13. O-O Nd7 14. Qa4 Ke7 15. f4 gxf4 16. exf4 cxd4 17. cxd4 Nxe5 18. fxe5 Bxe5 {0-1 Artemiev,V (2671)-Ponkratov,P (2610) RUS-ch blitz 2015 (4)}) 12... Bg7 13. Bd3 Rf8 14. h4 Qd8 15. hxg5 hxg5 16. dxc5 {[%emt 0:02:33] White has more active pieces. The black rooks are passive.} Qc7 17. Bb5+ (17. Ng4 {simplifies} Nxg4 18. Qxg4 Bf6 19. Nf3) 17... Bd7 {[%emt 0:04:29] [#]} (17... Kd8 $14 18. Ng4 (18. Qg3 Nd7 $14) 18... Ke7) 18. Nxd7 $1 $16 Nxd7 19. Rh7 $36 {[%emt 0:03:52][%mdl 2048] Black is under strong pressure.} Be5 20. Nb3 O-O-O 21. Rxf7 g4 22. Bxd7+ (22. Qxg4 Rxf7 23. Qxe6 Rf6 $17) 22... Kb8 23. Qxg4 Rxf7 24. Bxe6 Rg7 (24... Rf6 $16) 25. Qf3 $18 Rh7 {[%emt 0:04:19] [#]} 26. Kd2 (26. Bxd5 $2 Rh1+ 27. Kd2 Rxb1 $19) 26... Qe7 27. Bf5 (27. Bxd5 Rf7 28. Qe4 Rxf2+ 29. Kd3 (29. Kc1 $2 Rh8 $19) 29... Qg5 $16) 27... Rh2 28. Rg1 Rf8 29. Kc2 Qh4 30. Nd4 Qf6 {[%emt 0:01:30] ...Bxd4 would now be deadly.} 31. g4 (31. Qxd5 Bxd4 32. Be4 Qa6 (32... Qxf2+ $2 33. Kb3 $18)) 31... Qa6 (31... a6 $142 32. g5 (32. Qxd5 Rxf2+ 33. Kb3 Rd8 $18) 32... Qe7) 32. Kb1 (32. Qxd5 Rxf2+ 33. Kc1 Bxd4 34. Qxd4 (34. exd4 Rf1+ 35. Rxf1 Qxf1+ 36. Kd2 Qf2+ 37. Kd3 Qf1+ 38. Kd2 Qf2+ 39. Kd3 Qf1+ 40. Ke3 Qg1+ 41. Kf4 Qc1+ 42. Ke4 Qh1+ 43. Ke5 Qh2+ 44. Ke4 Qh1+ 45. Ke5 Qh2+ 46. Ke4 Qg2+ 47. Ke5 Qh2+ $11) 34... Re8 $18) 32... Qf6 (32... Qc4 {was worth a try.} 33. Ne6 Rfh8) 33. Rh1 ({Don't play} 33. Qxd5 Rxf2 34. Be4 Qe7 $18) 33... Rfh8 34. Rxh2 Rxh2 (34... Bxh2 $142 35. Qxd5 Qe5 36. Qxe5+ Bxe5) 35. Qxd5 a6 36. Be4 Qe7 37. Nf5 Qc7 38. Nd6 Bxd6 39. cxd6 {[%emt 0:00:05][%mdl 4096] Endgame KQR-KQB} Qd7 40. Bf5 Qd8 41. d7 {[%emt 0:00:53] Threatening mate with Qe5+.} Rxf2 42. Qe5+ Ka7 43. Qc5+ b6 44. Qc8 (44. Qd5 $142 Rf1+ 45. Kc2 Rf2+ 46. Kb3 Rxf5 47. gxf5) 44... Rf1+ 45. Kc2 Rf2+ 46. Kd3 {[%emt 0:00:21] Weighted Error Value: White=0.17 (very precise) /Black=0.65  Mistake:       	---       	Black=5      Inaccurate:     	White=2     	Black=4      OK:         	White=14    	Black=3      Best:        	White=2     	Black=2      Strong:       	White=1     	---} 1-0

[Event "FIDE World School-ch G-17 2025"]
[Site "Vrnjacka Banja"]
[Date "2025.03.24"]
[Round "5.4"]
[White "Newansa, M Esandi"]
[Black "Jankovic, Tamara"]
[Result "1-0"]
[Annotator "TA"]
[ECO "A45"]
[WhiteElo "1801"]
[BlackElo "1900"]
[PlyCount "93"]
[EventDate "2025.03.19"]
[EventType "swiss"]
[EventCountry "SRB"]
[SourceTitle "playchess.com"]
[Source "ChessBase"]
[SourceQuality "1"]
[TimeControl "5400+30"]

1. d4 Nf6 2. Bf4 c5 3. dxc5 Na6 4. Qd4 Qa5+ 5. Nc3 Qxc5 (5... Nxc5 $11 6. Bd2 Ne6) 6. e3 $14 {[%emt 0:00:49] A45: Trompowsky Attack.} Qxd4 7. exd4 d6 8. Bxa6 $146 {[%emt 0:04:25] White has an edge.} (8. O-O-O Nc7 9. Bc4 e6 10. Nf3 Be7 11. Rhe1 Nh5 12. Be3 d5 13. Bd3 O-O 14. g4 {1-0 Bauer,C (2632)-Lever,E (2258) Vandoeuvre op 16th 2019 (2)}) 8... bxa6 9. Nge2 g6 10. Bg5 Nh5 11. Nd5 Kd7 {[%emt 0:01:32] Repels Nc7. Black is weak on the dark squares} 12. Nec3 Bb7 13. f3 h6 14. Be3 {[%emt 0:01:48] A sharp opening} Ng7 15. O-O-O Nf5 16. Bf2 h5 17. Rhe1 Bh6+ 18. Kb1 Bg5 ({Better is} 18... h4 $11) 19. Ne4 (19. Ne3 Rac8 20. d5 Nxe3 21. Bxe3 Bxe3 22. Rxe3 h4 23. Re4) 19... Bh6 {[%emt 0:10:45] This pair of bishops is nice.} 20. Nec3 (20. Ndc3 $14) 20... Bg5 (20... h4 $11) 21. Ne4 (21. Ne3 {simplifies} Nxe3 22. Bxe3 Bxe3 23. Rxe3 Rac8 24. Ne4) 21... Bh6 22. Nb4 (22. Ne3 $16) 22... a5 $11 23. Nd3 h4 24. c4 Rhc8 25. c5 Rab8 (25... Bg7 $11) 26. cxd6 (26. d5 $1 $16 {Strongly threatening c6+.} Bxd5 27. cxd6) 26... exd6 27. Nf6+ Kc6 (27... Kc7 $11 {keeps the balance.}) 28. d5+ $16 {[%emt 0:00:44] White stays focused until the end.} Kb5 (28... Kc7 $142) 29. Bxa7 {[%emt 0:06:23] White is much more active.} Ra8 30. Bf2 a4 (30... Bg7 $16 31. Ne4 Bxd5) 31. a3 Bg7 {[%emt 0:03:34] [#]} 32. Nd7 ({White should try} 32. Ne4 $1 $18) 32... Rd8 (32... Re8 $16) 33. Nb6 $18 Ra6 {[%emt 0:00:07] [#]} 34. Re4 $1 (34. g4 $6 hxg3 35. Re4 Bd4 36. Bxd4 Nxd4 $16) 34... Bd4 35. Bxd4 Nxd4 36. Rxd4 $40 {[%emt 0:00:12][%mdl 128] Threatening mate with Rb4+. White wants a kill.} Kxb6 37. Nb4 ({But not} 37. Rxh4 Bxd5 38. Nb4 Bb3 $18) 37... Ra5 38. Rxh4 Re8 39. Re4 Rxe4 40. fxe4 {[%emt 0:00:06][%mdl 4096] Endgame KRB-KRN. White is two pawns up.} Ra8 41. Kc2 Rh8 42. h3 Rh4 43. Kd3 Rf4 44. Ke3 Rf6 45. e5 dxe5 (45... Rf5 $142 46. exd6 Rf6) 46. d6 Bc8 47. Nd5+ {[%emt 0:00:06] Weighted Error Value: White=0.20 (precise) /Black=0.53  Mistake:       	White=4     	Black=8      Inaccurate:     	White=2     	Black=4      OK:         	White=13    	Black=11     Best:        	White=5     	---        Strong:       	White=1     	---} 1-0

[Event "FIDE World School-ch G-17 2025"]
[Site "Vrnjacka Banja"]
[Date "2025.03.24"]
[Round "5.5"]
[White "Orazalina, Nursulu"]
[Black "Kusakina, Uliana"]
[Result "0-1"]
[Annotator "NA RC"]
[ECO "B45"]
[WhiteElo "1895"]
[BlackElo "1855"]
[PlyCount "132"]
[EventDate "2025.03.19"]
[EventType "swiss"]
[EventCountry "SRB"]
[SourceTitle "playchess.com"]
[Source "ChessBase"]
[SourceQuality "1"]
[TimeControl "5400+30"]

1. e4 c5 2. Nf3 e6 3. d4 cxd4 4. Nxd4 Nf6 5. Nc3 Nc6 6. Nxc6 bxc6 7. e5 Nd5 8. Ne4 Qc7 9. f4 Rb8 10. Qf3 c5 11. c4 Nb4 12. Bd3 Bb7 13. O-O d5 14. exd6 Bxd6 15. Bb1 Bxe4 16. Qxe4 Nc6 17. Bc2 Nd4 18. Ba4+ Ke7 19. Bd1 f5 20. Qe1 g5 21. b3 h6 22. h3 Kf6 23. Be3 Rhf8 24. Bh5 e5 25. fxg5+ hxg5 26. Qb1 Qh7 27. Bd1 Rb7 28. Bxd4 cxd4 29. Bc2 Ke6 30. g4 Qxh3 31. Bxf5+ Ke7 32. Qe4 Qg3+ 33. Qg2 Qxg2+ 34. Kxg2 Rbb8 35. Rh1 Rh8 36. Kf3 Bb4 37. Ke4 Kd6 38. Bh7 Rhf8 39. Rh6+ Kc5 40. Bf5 Bd2 41. Rah1 Rb6 42. Rh7 Ra6 43. Rc7+ Kb4 44. Rb7+ Kc3 45. Rh3+ Be3 46. Rh2 Bd2 47. Rh3+ Be3 48. Kxe5 Re8+ 49. Kd5 d3 50. c5 d2 51. Rh1 Rd8+ 52. Rd7 Rxd7+ 53. Bxd7 Rxa2 54. c6 Bf4 55. Bf5 Rc2 56. Rh3+ Kb2 57. Bxc2 Kxc2 58. Rh1 d1=Q+ 59. Rxd1 Kxd1 60. b4 Kc2 61. Kc4 Bg3 62. b5 Bc7 63. Kd4 Kb3 64. Kc5 Ka4 65. Kc4 Bb6 66. Kd5 Kxb5 0-1

[Event "FIDE World School-ch G-17 2025"]
[Site "Vrnjacka Banja"]
[Date "2025.03.24"]
[Round "5.6"]
[White "Vojinovic, Anastasija"]
[Black "Chung, Grace Eun-chong"]
[Result "1-0"]
[Annotator "NA RC"]
[ECO "B01"]
[WhiteElo "1857"]
[BlackElo "1538"]
[PlyCount "117"]
[EventDate "2025.03.19"]
[EventType "swiss"]
[EventCountry "SRB"]
[SourceTitle "playchess.com"]
[Source "ChessBase"]
[SourceQuality "1"]
[TimeControl "5400+30"]

1. e4 d5 2. exd5 Qxd5 3. Nc3 Qd8 4. d4 Nf6 5. Bf4 c6 6. Qd2 Bf5 7. f3 h5 8. Bd3 Bxd3 9. Qxd3 e6 10. Nge2 Be7 11. O-O-O a5 12. g4 g6 13. Ne4 Nd5 14. Be5 f6 15. Bxb8 Qxb8 16. Nc5 Kf7 17. Qe4 Qc8 18. Nf4 Nxf4 19. Qxf4 b6 20. Ne4 Kg7 21. g5 fxg5 22. Qe5+ Kh6 23. Rhg1 Qb8 24. Nxg5 Rf8 25. Nxe6 Qxe5 26. dxe5 Rxf3 27. Rd7 Bc5 28. Nxc5 bxc5 29. Re1 Re8 30. e6 Rf6 31. Rd6 h4 32. Rxc6 Rf5 33. e7 Rf7 34. Ree6 Rg7 35. Kd2 Rexe7 36. Rxe7 Rxe7 37. Rxc5 g5 38. h3 Rf7 39. Ke2 Re7+ 40. Kf3 Rf7+ 41. Kg2 Re7 42. Rc3 Re2+ 43. Kf3 Rh2 44. Ke4 Re2+ 45. Kf5 Rf2+ 46. Ke5 Re2+ 47. Kd5 Rf2 48. a3 Rg2 49. b4 axb4 50. axb4 Rg3 51. Rc6+ Kh5 52. b5 Rxh3 53. b6 Rf3 54. b7 Rf5+ 55. Kc4 Rf4+ 56. Kc3 Rf3+ 57. Kb2 h3 58. b8=Q Kg4 59. Qh2 1-0